[ AOE2 MATCH · #504800214 ]
UnrankedWu vs Spanish
Player's team · LOSS
Rival team · WIN
[ REPLAY ANALYSIS · EXTRACTED FROM THE RECORDED GAME ]
Feudal
8:50
Castle
20:20
Imperial
—
| APM avg | 71.2 |
| APM peak | 107 |
| eAPM avg | 38.6 |
| Villagers / military | 78 / 20 |
Focus
⚔️ 47.5% · 🌾 52.5%
Archer ×15 · Unknown (1974) ×4 · Militia ×3 · Monk ×2
Feudal
14:08
Castle
20:40
Imperial
—
| APM avg | 60.2 |
| APM peak | 92 |
| eAPM avg | 24.0 |
| Villagers / military | 62 / 57 |
Focus
⚔️ 36.7% · 🌾 63.3%
Cavalry Archer ×39 · Skirmisher ×9 · Militia ×6 · Mangonel ×2 · Spearman ×1
Match map
Initial resources + every placement click. Lines = walls · curves = elevation contours. ◆ gold · ⬟ stone · ● berries · ✦ relic · ◌ wall gap
Your base· ✓ Closed at 20:20 · 19t walls · no gate
Nobody's base· Open — opponent sealed themselves in
Smoothed initial terrain · ◌ = detected wall gap · hover for details
Inputs per minute
— Mettiu - - Nobody
Build order — Mettiu
First 150 of 196 actions detected
| 0:00 | Create | Villager (Male) ×4 |
| 0:01 | Build | House |
| 0:02 | Build | House |
| 1:23 | Create | Villager (Male) |
| 1:44 | Create | Villager (Male) |
| 1:49 | Build | Lumber Camp |
| 2:17 | Create | Villager (Male) |
| 2:42 | Create | Villager (Male) |
| 2:43 | Create | Villager (Male) |
| 3:07 | Create | Villager (Male) |
| 3:23 | Create | Villager (Male) |
| 3:35 | Create | Villager (Male) |
| 3:52 | Build | House |
| 4:00 | Create | Villager (Male) |
| 4:28 | Create | Villager (Male) |
| 4:38 | Create | Villager (Male) |
| 5:03 | Create | Villager (Male) |
| 5:05 | Build | Barracks |
| 5:32 | Research | Loom |
| 5:35 | Build | House |
| 6:33 | Research | Feudal Age |
| 6:44 | Create | Militia |
| 6:57 | Build | Mining Camp |
| 7:00 | Build | Mining Camp |
| 7:01 | Build | Palisade Wall |
| 7:06 | Create | Militia |
| 7:40 | Build | House |
| 7:55 | Create | Militia |
| 8:27 | Build | Mill |
| 8:31 | Create | Villager (Male) |
| 8:50 | Age | Feudal Age |
| 8:54 | Research | Man-at-Arms (upgrade) |
| 8:54 | Research | Man-at-Arms (upgrade) |
| 8:57 | Build | House |
| 9:03 | Create | Villager (Male) |
| 9:21 | Create | Villager (Male) |
| 9:38 | Create | Villager (Male) |
| 9:40 | Build | Archery Range |
| 9:56 | Build | Farm |
| 10:20 | Create | Villager (Male) |
| 10:22 | Create | Archer |
| 10:28 | Build | Farm |
| 10:28 | Build | Farm |
| 10:29 | Create | Archer |
| 10:54 | Build | Farm |
| 11:05 | Create | Archer |
| 11:24 | Create | Villager (Male) |
| 11:46 | Create | Villager (Male) |
| 12:01 | Create | Archer |
| 12:08 | Create | Villager (Male) |
| 12:10 | Build | Farm |
| 12:11 | Build | Farm |
| 12:25 | Build | House |
| 12:26 | Build | Palisade Wall |
| 12:39 | Create | Archer |
| 12:40 | Create | Villager (Male) |
| 12:43 | Build | House |
| 12:45 | Build | Farm |
| 12:59 | Create | Villager (Male) |
| 13:09 | Build | Palisade Wall |
| 13:14 | Build | Blacksmith |
| 13:23 | Create | Villager (Male) |
| 13:38 | Create | Archer |
| 13:39 | Create | Villager (Male) |
| 13:48 | Create | Villager (Male) |
| 13:51 | Build | House |
| 14:04 | Research | Fletching |
| 14:05 | Research | Fletching |
| 14:07 | Build | Farm |
| 14:14 | Create | Archer |
| 14:16 | Create | Villager (Male) |
| 14:17 | Build | Farm |
| 14:21 | Create | Villager (Male) |
| 14:24 | Build | House |
| 14:26 | Build | Palisade Wall |
| 14:35 | Create | Villager (Male) |
| 14:52 | Create | Villager (Male) |
| 15:11 | Build | Market |
| 15:36 | Build | House |
| 15:38 | Build | Palisade Wall |
| 15:44 | Create | Archer |
| 15:47 | Build | House |
| 15:48 | Build | Palisade Wall |
| 15:53 | Create | Villager (Male) |
| 15:54 | Build | Farm |
| 16:10 | Build | Farm |
| 16:12 | Build | Farm |
| 16:13 | Create | Villager (Male) |
| 16:38 | Build | House |
| 16:49 | Create | Villager (Male) |
| 16:55 | Build | Farm |
| 16:56 | Build | Farm |
| 16:59 | Build | Farm |
| 17:04 | Build | House |
| 17:08 | Build | House |
| 17:40 | Research | Castle Age |
| 17:43 | Build | Mining Camp |
| 18:08 | Research | Double-Bit Axe |
| 18:08 | Research | Double-Bit Axe |
| 18:24 | Research | Horse Collar |
| 18:24 | Research | Horse Collar |
| 19:14 | Create | Villager (Male) |
| 20:20 | Age | Castle Age |
| 20:23 | Build | Town Center |
| 20:26 | Build | Monastery |
| 20:28 | Research | Bow Saw |
| 20:30 | Create | Villager (Male) |
| 20:36 | Create | Unit 1974 |
| 20:36 | Create | Unit 1974 |
| 20:48 | Create | Villager (Male) |
| 21:00 | Create | Unit 1974 |
| 21:09 | Create | Villager (Male) |
| 21:14 | Create | Monk |
| 21:14 | Create | Monk |
| 21:24 | Build | Town Center |
| 21:31 | Create | Villager (Male) |
| 21:35 | Build | Farm |
| 21:36 | Build | Farm |
| 21:40 | Create | Villager (Male) |
| 21:51 | Create | Villager (Male) |
| 21:54 | Build | Lumber Camp |
| 21:54 | Create | Villager (Male) |
| 22:00 | Create | Villager (Male) |
| 22:03 | Create | Villager (Male) |
| 22:07 | Build | House |
| 22:13 | Create | Villager (Male) |
| 22:13 | Create | Unit 1974 |
| 22:18 | Create | Villager (Male) |
| 22:37 | Research | Squires |
| 22:37 | Research | Squires |
| 22:40 | Create | Villager (Male) |
| 22:43 | Build | Farm |
| 22:45 | Build | Farm |
| 22:46 | Build | Farm |
| 22:49 | Create | Villager (Male) |
| 22:50 | Build | Farm |
| 22:54 | Create | Villager (Male) |
| 22:57 | Build | Farm |
| 22:59 | Create | Villager (Male) |
| 23:05 | Build | Farm |
| 23:15 | Create | Villager (Male) |
| 23:17 | Create | Villager (Male) |
| 23:21 | Create | Villager (Male) |
| 23:23 | Build | Farm |
| 23:24 | Build | Farm |
| 23:28 | Create | Villager (Male) |
| 23:30 | Build | Farm |
| 23:40 | Create | Villager (Male) |
| 23:45 | Build | Farm |
| 23:47 | Build | Farm |
Build order — Nobody
First 150 of 217 actions detected
| 0:00 | Create | Villager (Male) |
| 0:02 | Build | House |
| 0:03 | Build | House |
| 0:06 | Create | Villager (Male) |
| 0:06 | Create | Villager (Male) |
| 0:09 | Create | Villager (Male) |
| 0:10 | Create | Villager (Male) |
| 1:26 | Create | Villager (Male) |
| 2:00 | Create | Villager (Male) |
| 2:14 | Create | Villager (Male) |
| 2:50 | Create | Villager (Male) |
| 3:00 | Build | House |
| 3:06 | Create | Villager (Male) |
| 3:29 | Create | Villager (Male) |
| 3:38 | Build | Barracks |
| 3:55 | Create | Villager (Male) |
| 4:21 | Build | House |
| 4:22 | Create | Militia |
| 4:25 | Create | Villager (Male) |
| 4:41 | Create | Militia |
| 4:47 | Build | House |
| 4:51 | Create | Villager (Male) |
| 5:05 | Create | Villager (Male) |
| 5:22 | Create | Militia |
| 5:29 | Create | Militia |
| 5:50 | Create | Villager (Male) |
| 6:03 | Build | Lumber Camp |
| 6:18 | Create | Villager (Male) |
| 6:19 | Create | Militia |
| 6:39 | Create | Villager (Male) |
| 6:44 | Build | House |
| 6:57 | Create | Villager (Male) |
| 7:05 | Create | Militia |
| 7:22 | Build | Mill |
| 7:29 | Create | Villager (Male) |
| 7:55 | Create | Villager (Male) |
| 7:58 | Build | Palisade Wall |
| 8:05 | Create | Villager (Male) |
| 8:14 | Create | Villager (Male) |
| 8:33 | Create | Villager (Male) |
| 8:35 | Build | House |
| 8:39 | Build | Palisade Wall |
| 8:48 | Create | Villager (Male) |
| 8:50 | Build | Farm |
| 8:50 | Build | Farm |
| 9:03 | Build | Palisade Wall |
| 9:12 | Build | Palisade Wall |
| 9:14 | Create | Villager (Male) |
| 9:17 | Create | Villager (Male) |
| 9:18 | Build | Farm |
| 9:19 | Build | Farm |
| 9:25 | Build | Palisade Wall |
| 9:44 | Create | Villager (Male) |
| 10:00 | Build | Farm |
| 10:21 | Create | Villager (Male) |
| 10:27 | Build | Palisade Wall |
| 10:30 | Build | Farm |
| 10:31 | Create | Villager (Male) |
| 10:36 | Build | Palisade Wall |
| 10:43 | Build | Palisade Wall |
| 10:58 | Build | Farm |
| 11:26 | Build | Farm |
| 11:27 | Research | Loom |
| 11:31 | Build | Palisade Wall |
| 11:37 | Build | Farm |
| 11:39 | Build | House |
| 11:58 | Research | Feudal Age |
| 11:58 | Research | Feudal Age |
| 11:58 | Research | Feudal Age |
| 11:59 | Research | Feudal Age |
| 12:02 | Build | Mining Camp |
| 12:08 | Build | Palisade Wall |
| 12:33 | Build | Lumber Camp |
| 13:12 | Build | Farm |
| 13:15 | Build | Farm |
| 14:08 | Age | Feudal Age |
| 14:10 | Build | Blacksmith |
| 14:11 | Create | Villager (Male) |
| 14:18 | Build | Archery Range |
| 14:22 | Build | House |
| 14:23 | Create | Villager (Male) |
| 14:33 | Build | Palisade Wall |
| 14:43 | Research | Double-Bit Axe |
| 14:43 | Research | Double-Bit Axe |
| 14:43 | Research | Double-Bit Axe |
| 14:45 | Create | Villager (Male) |
| 14:59 | Create | Skirmisher |
| 15:01 | Research | Padded Archer Armor |
| 15:02 | Create | Villager (Male) |
| 15:09 | Create | Skirmisher |
| 15:14 | Build | Palisade Wall |
| 15:18 | Build | House |
| 15:30 | Create | Skirmisher |
| 15:33 | Create | Villager (Male) |
| 15:38 | Research | Horse Collar |
| 15:38 | Research | Horse Collar |
| 15:38 | Research | Horse Collar |
| 15:48 | Create | Skirmisher |
| 15:50 | Research | Fletching |
| 15:53 | Build | House |
| 15:57 | Create | Skirmisher |
| 16:04 | Create | Villager (Male) |
| 16:12 | Build | Farm |
| 16:19 | Build | House |
| 16:34 | Create | Skirmisher |
| 16:37 | Create | Villager (Male) |
| 16:56 | Create | Villager (Male) |
| 17:03 | Build | Market |
| 17:18 | Build | Farm |
| 17:32 | Create | Villager (Male) |
| 17:34 | Create | Villager (Male) |
| 17:35 | Create | Skirmisher |
| 17:47 | Build | Palisade Wall |
| 17:50 | Build | House |
| 17:52 | Build | House |
| 18:00 | Research | Castle Age |
| 18:00 | Research | Castle Age |
| 18:00 | Research | Castle Age |
| 18:00 | Research | Castle Age |
| 18:02 | Create | Skirmisher |
| 18:02 | Create | Skirmisher |
| 18:20 | Create | Spearman |
| 18:32 | Build | Palisade Wall |
| 18:50 | Build | Palisade Wall |
| 18:57 | Research | Gold Mining |
| 19:00 | Build | Archery Range |
| 19:15 | Build | Farm |
| 19:26 | Build | Farm |
| 20:16 | Build | Archery Range |
| 20:40 | Age | Castle Age |
| 20:41 | Build | Siege Workshop |
| 20:42 | Create | Villager (Male) |
| 20:43 | Create | Cavalry Archer |
| 20:44 | Research | Bodkin Arrow |
| 20:48 | Create | Villager (Male) |
| 20:49 | Create | Cavalry Archer |
| 21:05 | Create | Cavalry Archer |
| 21:14 | Research | Bow Saw |
| 21:14 | Research | Bow Saw |
| 21:14 | Research | Bow Saw |
| 21:14 | Research | Bow Saw |
| 21:15 | Create | Villager (Male) |
| 21:23 | Create | Mangonel |
| 21:29 | Create | Villager (Male) |
| 21:35 | Create | Cavalry Archer |
| 21:41 | Create | Cavalry Archer |
| 21:41 | Create | Cavalry Archer |
| 21:55 | Research | Leather Archer Armor |
| 22:01 | Create | Cavalry Archer |
| 22:01 | Create | Cavalry Archer |
Match timeline
| 3:38 | Nobody · first_building Barracks |
| 5:05 | Mettiu · first_building Barracks |
| 7:01 | Mettiu · wall_segment Palisade Wall x1 |
| 7:58 | Nobody · wall_segment Palisade Wall x7 |
| 8:39 | Nobody · wall_segment Palisade Wall x8 |
| 8:50 | Mettiu · age_up feudal |
| 9:03 | Nobody · wall_segment Palisade Wall x7 |
| 9:12 | Nobody · wall_segment Palisade Wall x9 |
| 9:25 | Nobody · wall_segment Palisade Wall x9 |
| 9:40 | Mettiu · first_building Archery Range |
| 10:27 | Nobody · wall_segment Palisade Wall x5 |
| 10:36 | Nobody · wall_segment Palisade Wall x1 |
| 10:43 | Nobody · wall_segment Palisade Wall x8 |
| 11:31 | Nobody · wall_segment Palisade Wall x5 |
| 12:08 | Nobody · wall_segment Palisade Wall x2 |
| 12:26 | Mettiu · wall_segment Palisade Wall x6 |
| 13:09 | Mettiu · wall_segment Palisade Wall x1 |
| 14:08 | Nobody · age_up feudal |
| 14:18 | Nobody · first_building Archery Range |
| 14:26 | Mettiu · wall_segment Palisade Wall x6 |
| 14:33 | Nobody · wall_segment Palisade Wall x4 |
| 15:14 | Nobody · wall_segment Palisade Wall x3 |
| 15:38 | Mettiu · wall_segment Palisade Wall x1 |
| 15:48 | Mettiu · wall_segment Palisade Wall x4 |
| 16:15 | Mettiu · first_market_sell 100 stone |
| 16:15 | Mettiu · first_market_buy 100 food |
| 17:47 | Nobody · wall_segment Palisade Wall x3 |
| 17:57 | Nobody · first_market_buy 100 food |
| 18:32 | Nobody · wall_segment Palisade Wall x1 |
| 18:50 | Nobody · wall_segment Palisade Wall x1 |
| 20:20 | Mettiu · age_up castle |
| 20:26 | Mettiu · first_building Monastery |
| 20:40 | Nobody · age_up castle |
| 20:41 | Nobody · first_building Siege Workshop |
| 22:29 | Nobody · first_building Stable |
| 24:29 | Mettiu · wall_segment Stone Wall x1 |
| 25:18 | Nobody · first_market_sell 100 wood |
| 25:29 | Mettiu · wall_segment Stone Wall x1 |
| 26:01 | Mettiu · wall_segment Palisade Wall x1 |
| 27:50 | Mettiu · resign |
[ AI ANALYSIS · 1 CREDIT ]
What really happened in this match?
Wolo.gg analyzes every decision: build order, eco, micro, common mistakes by bracket. Personalized analysis on WhatsApp or Discord in 30 seconds.
Civ guide
Wu
Perfil
Jugador #211777